 Dungeon Crawl Stone Soup version 0.19.3 (webtiles) character file.

89 Dolanko the Slasher (level 4, -2/34 HPs)
             Began as a Demonspawn Gladiator on Jan 22, 2017.
             Slain by Sigmund
             ... wielding a +0 scythe
              (11 damage)
             ... on level 2 of the Dungeon.
             The game lasted 00:03:48 (1639 turns).

Dolanko the Slasher (Demonspawn Gladiator)          Turns: 1639, Time: 00:03:49

Health: -2/34      AC:  6    Str: 12 (15) XL:     4   Next: 31%
Magic:  4/4        EV:  9    Int:  7 (9)  God:
Gold:   145        SH:  0    Dex: 13 (15) Spells: 0 memorised, 3 levels left

rFire  . . .     SeeInvis .     a - +0 long sword
rCold  . . .     Gourm    .     d - -2 scale mail (curse)
rNeg   . . .     Faith    .     (no shield)
rPois  .         Spirit   .     c - +0 helmet
rElec  .         Reflect  .     (no cloak)
rCorr  .         Harm     .     k - +0 pair of gloves
MR     .....                    (no boots)
Stlth  +.........               (no amulet)
                                t - ring of stealth
                                s - ring of flight

@: drained
A: claws 1, powered by death 1
a: Evoke Flight


You were on level 2 of the Dungeon.
You were hungry.

You visited 1 branch of the dungeon, and saw 2 of its levels.

You collected 145 gold pieces.

Inventory:

Hand Weapons
 a - a +0 long sword (weapon)
Armour
 c - a +0 helmet (worn)
 d - a cursed -2 scale mail (worn)
 k - a +0 pair of gloves (worn)
 m - a +0 ring mail
Jewellery
 s - a ring of flight (left hand)
 t - a ring of stealth (right hand)
Scrolls
 e - 2 scrolls of teleportation
 i - 2 scrolls of enchant armour {unknown}
 j - a scroll of amnesia {unknown}
 o - 2 scrolls of noise
 q - 2 scrolls of identify {unknown}
 u - a scroll of fog {unknown}
Comestibles
 f - 3 bread rations
 l - a meat ration
 p - 2 slices of pizza


   Skills:
 + Level 2.6(2.5) Fighting
 * Level 3.9(3.7) Long Blades
 - Level 1.7(1.6) Throwing
 + Level 1.5(1.4) Armour
 - Level 2.6(2.5) Dodging


You had 3 spell levels left.
You didn't know any spells.

Dungeon Overview and Level Annotations

Branches:
Dungeon (2/15)

Altars:
Nemelex Xobeh
Uskayaw
The Shining One

Annotations:
D:2 Sigmund


Innate Abilities, Weirdness & Mutations

You have sharp fingernails.
You regenerate a little health from kills.


Message History

You hear some strange, mumbled words.
Something tries to affect you, but you resist.
Something hits you. Something hits you but does no damage.
You're too confused to move!
Something hits you.
You're too confused to move!
Something hits you!
* * * LOW HITPOINT WARNING * * *
Something hits you.
* * * LOW HITPOINT WARNING * * *
You feel better. Something hits you but does no damage.
You feel better. Something hits you!
* * * LOW HITPOINT WARNING * * *
You feel better. Something hits you but does no damage.
You feel better. Something hits you.
You hit something. Something hits you.
You hit something. Something hits you.
* * * LOW HITPOINT WARNING * * *
Your scale mail prevents you from hitting something.
Something hits you!
You die...

...####....# ##...# ####.###..#.
##..###....####....###...........
..#..........@)._..........#....#
..####.....###....####.......#...
..# #.....# #...## #..######...
..# #.....# ###.# #### #..... ..#
##..### #.# #.#####.#...
..#####....#####{#####.......#.##
..........#.....@.#..#...#####.#
####....#.....#........#..# #.#
####..#.#.....###.......#.# #.#
.(.##............##.......## #.#
รท...###.#.........#.....#..###.#
...._##.#..######........#.##..#
....###.#.## ##...#..#..#.##.##
...## #...#####...)##.#.......#
#######..###....#...#.##......#


There were no monsters in sight!

Vanquished Creatures
  Terence (D:2)
  An adder (D:2)
  2 worms (D:2)
  2 dart slugs
  2 leopard geckos (D:2)
  4 giant cockroaches
  3 goblins
  7 hobgoblins
  3 jackals (D:1)
  A quokka (D:2)
  2 ball pythons (D:2)
  6 bats
  A frilled lizard (D:1)
  A kobold (D:1)
  4 rats (D:1)
40 creatures vanquished.

Notes
Turn   | Place    | Note
-------+----------+-------------------------------------------
     0 | D:1      | Dolanko the Demonspawn Gladiator began the quest for the Orb.
     0 | D:1      | Reached XP level 1. HP: 16/16 MP: 1/1
   265 | D:1      | Reached skill level 3 in Long Blades
   340 | D:1      | Gained mutation: You have sharp fingernails. [demonic ancestry]
   340 | D:1      | Reached XP level 2. HP: 22/22 MP: 2/2
   881 | D:2      | Reached skill level 1 in Armour
   881 | D:2      | Gained mutation: You regenerate a little health from kills. [demonic ancestry]
   881 | D:2      | Reached XP level 3. HP: 28/28 MP: 3/3
   977 | D:2      | Found a hide-covered altar of Uskayaw.
  1004 | D:2      | Found a sparkling altar of Nemelex Xobeh.
  1248 | D:2      | Found a glowing golden altar of the Shining One.
  1260 | D:2      | Noticed Terence
  1278 | D:2      | Killed Terence
  1278 | D:2      | Reached XP level 4. HP: 31/34 MP: 4/4
  1599 | D:2      | Noticed Sigmund
  1632 | D:2      | HP: 1/34 [something (3)]
  1639 | D:2      | Slain by Sigmund

Skill      XL: |  1  2 |
---------------+-------+-----
Long Blades    | 3 |  3.9
Armour         | 1 |  1.5
Fighting       | |  2.6
Throwing       | |  1.7
Dodging        | |  2.6

Action                   |  1- 3 |  4- 6 || total
-------------------------+-------+-------++-------
Melee: Long sword        |    98 |    38 ||   136
Throw: Throwing net      |     3 |     2 ||     5
  Use: Potion            |       |     8 ||     8
       Scroll            |       |     2 ||     2
  Eat: Chunk             |     1 |     1 ||     2
Armor: Leather armour    |    10 |       ||    10
       Ring mail         |    31 |       ||    31
       Scale mail        |       |    26 ||    26
Dodge: Dodged            |    61 |    32 ||    93
       Rpst.: Long sword |    17 |     9 ||    26
